 Dungeon Crawl Stone Soup version 0.27-a0-1456-gf5a116941d (webtiles) character file.

Game seed: 17169172331763184026

57120 quinnr the Stormcaller (level 14, -19/82 HPs)
             Began as a Tengu Air Elementalist on July 7, 2021.
             Was a High Priest of Vehumet.
             Shot with a bolt by an orc warlord (31 damage)
             ... on level 1 of the Orcish Mines.
             The game lasted 01:57:14 (38038 turns).

quinnr the Stormcaller (Tengu Air Elementalist)    Turns: 38038, Time: 01:57:15

Health: -19/82     AC:  7    Str:  8    XL:     14   Next: 84%
Magic:  2/28       EV: 18    Int: 21    God:    Vehumet [*****.]
Gold:   1504       SH:  5    Dex: 15    Spells: 3/32 levels left

rFire    + . .     SeeInvis +   i - staff of air
rCold    + . .     Faith    +   X - +0 buckler
rNeg     + . .     Spirit   .   N - +2 robe {rC+}
rPois    .         Reflect  .   n - +0 mask of the Dragon {Will+ Slay+3 SInv}
rElec    +         Harm     .   H - +2 cloak {Stlth+}
rCorr    .         Rampage  .   (no gloves)
Will     ++...                  (boots unavailable)
Stlth    ++++......             S - amulet of faith
HPRegen  0.23/turn              B - ring of positive energy
MPRegen  0.21/turn              U - ring of protection from fire

@: flying quickly and evasively, quick
A: beak, talons 3, nimble flight
a: Renounce Religion


You were on level 1 of the Orcish Mines.
You worshipped Vehumet.
Vehumet was extremely pleased with you.
You visited 4 branches of the dungeon, and saw 21 of its levels.
You also visited: Sewer, Bailey and Gauntlet.

You collected 2022 gold pieces.
You spent 518 gold pieces at shops.

Inventory:

Hand Weapons
 l - the +10 flail of Defiance {chaos, rPois Will+ Dex+4}
   (You subdued it on level 12 of the Dungeon)

   Each time it hits an enemy it has a different, random effect.
   Dex:       It affects your dexterity (+4).
   rPois:     It protects you from poison.
   Will:      It increases your willpower.
Missiles
 j - 5 throwing nets
 x - 6 boomerangs of dispersal
 A - 6 javelins
 C - 2 curare-tipped darts
 T - 5 atropa-tipped darts
 V - 59 poisoned darts
Armour
 k - a +2 robe of positive energy
 m - the +0 hat of Least Resistance {rC+ Int+2}
   (You acquired it on level 6 of the Dungeon)

   Int:       It affects your intelligence (+2).
   rC:        It protects you from cold.
 n - the +0 mask of the Dragon (worn) {Will+ Slay+3 SInv}
   (You found it on level 11 of the Dungeon)

   Slay:      It affects your accuracy & damage with ranged weapons and melee
   (+3).
   SInv:      It lets you see invisible.
   Will:      It increases your willpower.
 v - a +2 leather armour of fire resistance
 w - the -4 pair of gloves of Yrigikih {rF+ rCorr Stlth-}
   (You found it in a bailey)

   rF:        It protects you from fire.
   rCorr:     It protects you from acid and corrosion.
   Stlth:     It makes you less stealthy.
 D - a +1 leather armour of poison resistance
 H - a +2 cloak of stealth (worn)
 N - a +2 robe of cold resistance (worn)
 X - a +0 buckler (worn)
Magical Staves
 b - a staff of poison
 i - a staff of air (weapon)
Jewellery
 B - a ring of positive energy (left hand)
 O - a ring of ice
 S - an amulet of faith (around neck)
 U - a ring of protection from fire (right hand)
 W - the ring of Xatzer Baud {rF- rN+ rCorr Int+6 Stlth+}
   (You found it on level 4 of the Lair of Beasts)

   [ring of intelligence]

   Int:       It affects your intelligence (+6).
   rF:        It makes you vulnerable to fire.
   rN:        It protects you from negative energy.
   rCorr:     It protects you from acid and corrosion.
   Stlth:     It makes you more stealthy.
Wands
 a - a wand of iceblast (12)
 E - a wand of charming (10)
 G - a wand of paralysis (23)
 Q - a wand of mindburst (15)
 R - a wand of polymorph (15)
 Z - a wand of flame (75)
Scrolls
 d - a scroll of summoning
 q - 7 scrolls of teleportation
 s - 2 scrolls of fog
 y - 3 scrolls of magic mapping
 z - a scroll of fear
 K - 2 scrolls of enchant armour
 M - a scroll of immolation
 P - a scroll of torment
Potions
 c - 5 potions of cancellation
 e - a potion of resistance
 f - 2 potions of invisibility
 g - 7 potions of curing
 o - 2 potions of magic
 p - 7 potions of might
 r - 5 potions of brilliance
 t - 5 potions of mutation
 u - 2 potions of attraction
 F - a potion of ambrosia
 I - 2 potions of berserk rage
 Y - 2 potions of haste
Miscellaneous
 h - a condenser vane
 L - a piece from Xom's chessboard (15/15)


   Skills:
 - Level 7.0 Fighting
 - Level 2.0 Armour
 + Level 7.0 Dodging
 - Level 5.0 Stealth
 - Level 4.0 Shields
 + Level 9.8 Spellcasting
 + Level 5.4 Conjurations
 - Level 5.0 Summonings
 - Level 3.0 Fire Magic
 + Level 19.8 Air Magic
 - Level 5.0 Poison Magic
 - Level 10.0 Evocations


You had 3 spell levels left.
You knew the following spells:

 Your Spells              Type           Power      Damage    Failure   Level
a - Shock                 Conj/Air       100%       1d9       1%          1
b - Airstrike             Air            48%        N/A       0%          4
c - Summon Lightning Spi  Summ/Air       76%        N/A       1%          4
d - Lightning Bolt        Conj/Air       38%        1d56      1%          5
e - Corpse Rot            Necr/Air       N/A        N/A       1%          2
f - Poisonous Vapours     Pois/Air       100%       N/A       1%          2
g - Ignite Poison         Fire/Tmut/Pois 21%        N/A       1%          3
h - Mephitic Cloud        Conj/Pois/Air  68%        N/A       1%          3
i - Silence               Hex/Air        33%        N/A       3%          5

Your spell library contained the following spells:

 Spells                   Type           Power      Damage    Failure   Level
 Conjure Ball Lightning   Conj/Air       38%        3x3d12    1%          6
 Swiftness                Air            96%        N/A       0%          3
 Summon Small Mammal      Summ           100%       N/A       1%          1
 Static Discharge         Conj/Air       76%        N/A       1%          2
 Conjure Flame            Conj/Fire      28%        6-21      1%          3
 Dazzling Flash           Conj/Hex       42%        N/A       1%          3
 Animate Skeleton         Necr           20%        N/A       7%          1
 Apportation              Tloc           20%        N/A       7%          1
 Corona                   Hex            11%        N/A       7%          1
 Blink                    Tloc           N/A        N/A       10%         2
 Ensorcelled Hibernation  Hex/Ice        20%        N/A       10%         2
 Passwall                 Tmut/Erth      8%         N/A       10%         2
 Sublimation of Blood     Necr           5%         N/A       10%         2
 Wereblood                Tmut           10%        N/A       10%         2
 Tukima's Dance           Hex            10%        N/A       21%         3
 Freezing Cloud           Conj/Ice/Air   31%        6-21      1%          5
 Sticky Flame             Conj/Fire      28%        2d5       3%          4
 Iskenderun's Battlesphe  Conj           33%        2d9       5%          5
 Iskenderun's Mystic Bla  Conj/Tloc      21%        2d6       6%          4
 Starburst                Conj/Fire      14%        8x6d6     41%         6
 Dispel Undead            Necr           10%        3d9       54%         4
 Alistair's Intoxication  Tmut/Pois      13%        N/A       54%         5
 Summon Forest            Summ/Tloc      10%        N/A       54%         5
 Iron Shot                Conj/Erth      10%        9d3       58%         6
 Eringya's Noxious Bog    Tmut/Pois      10%        N/A       63%         6
 Storm Form               Tmut/Air       33%        N/A       67%         7
 Spellforged Servitor     Conj/Summ      16%        N/A       82%         7
 Agony                    Necr           10%        N/A       88%         5
 Manifold Assault         Tloc           10%        N/A       88%         5
 Death Channel            Necr           5%         N/A       100%        6
 Invisibility             Hex            5%         N/A       100%        6
 Simulacrum               Ice/Necr       5%         N/A       100%        6
 Summon Hydra             Summ           15%        N/A       100%        7
 Polar Vortex             Ice            5%         N/A       100%        9


Dungeon Overview and Level Annotations

Branches:
Dungeon (13/15)            Temple (1/1) D:6            Lair (6/6) D:9
 Shoals (0/4) Lair:3       Spider (0/4) Lair:4        Slime (0/5) Lair:5
    Orc (1/2) D:11          Sewer (visited)          Bailey (visited)
Gauntlet (visited)
 Vaults: D:13-14

Altars:
Ashenzari
Cheibriados
Dithmenos
Elyvilon
Fedhas
Gozag
Hepliaklqana
Kikubaaqudgha
Makhleb
Nemelex Xobeh
Okawaru
Qazlal
Ru
Sif Muna
Trog
Uskayaw
Vehumet
Wu Jian
Xom
Yredelemnul
Zin
The Shining One
Jiyva

Shops:
D:1 ?   D:5 !   D:10 *

Annotations:
D:7 3 runed translucent doors, Phlounder's ghost, novice DjWn
Orc:1 3 runed translucent doors, Dootley's ghost, journeyman FoFi


Innate Abilities, Weirdness & Mutations

You have a beak for a mouth.
You have claws for feet.
Your magical nature lets you fly swiftly and evasively.


Message History

Unknown command.
Casting: Summon Lightning Spire (safe; 1% risk of failure)
Confirm with . or Enter, or press ? or * to list all spells.
Aiming: Lightning Bolt (mildly dangerous; 1% risk of failure)
Press: ? - help, Shift-Dir - straight line, f - orc warlord
Aim: an orc warlord, wielding a +0 arbalest, wearing a +0 chain mail and quivering bolts (flame, lightly wounded, ally target, 74% to hit)
You feel a surge of power!
You hear a mighty clap of thunder!
The bolt of lightning hits the orc warlord!!
The orc warlord is heavily wounded.
The bolt of lightning hits the orc!!!
You kill the orc!
Vehumet accepts your kill.
You feel your power returning.
The orc warlord is engulfed in blazing flames.
Casting: Lightning Bolt (mildly dangerous; 1% risk of failure)
Confirm with . or Enter, or press ? or * to list all spells.
Aiming: Lightning Bolt (mildly dangerous; 1% risk of failure)
Press: ? - help, Shift-Dir - straight line, p - orc warlord You feel a surge of power!
You hear a mighty clap of thunder!
The bolt of lightning misses the orc warlord.
The orc warlord shoots a bolt.
The bolt hits you!!!
Unknown command.
Casting: Lightning Bolt (mildly dangerous; 1% risk of failure)
Confirm with . or Enter, or press ? or * to list all spells.
Aiming: Lightning Bolt (mildly dangerous; 1% risk of failure)
Press: ? - help, Shift-Dir - straight line You feel a surge of power!
You hear a mighty clap of thunder!
The bolt of lightning hits the orc warlord!
The orc warlord is heavily wounded.
The orc warlord shoots a bolt.
The bolt hits you!!
* * * LOW HITPOINT WARNING * * *
Unknown command.
Okay, then.
As you read the scroll of fog, it crumbles to dust.
The scroll dissolves into smoke.
The orc warlord shoots a bolt.
The bolt hits you!!
You die...

##. #.. ##.## #...# .#
#... ##... . ##..##
.##.... . #....## ##
#.....§#.#####....# ##.
.......8##.#.#....# ###..
#.....§§@§§...#...###.##.
.#.○°○.§§#.............#.
...°o)[[[[..............#
..)h#####...#.#..#.......
... #..##.....[...... .
#.)..............
#..#..##......>..
###..............
..#..#.......#..


You could see an orc warlord (ally target), a warg and a friendly lightning
spire (summoned).

Vanquished Creatures
  The ghost of Nausicaa the Cleaver, a journeyman MiBe of Trog (D:12)
  Harold (D:8)
  The ghost of Onwuirut the Fortune-Teller, a journeyman DsMo of Nemelex Xobeh (Lair:1)
  Fannar (Lair:2)
  2 hydras
  A catoblepas (Lair:6)
  A centaur warrior (D:13)
  4 two-headed ogres
  A dancing weapon (D:12)
  A hell hog (Gauntlet)
  2 orc knights (Bailey)
  A fire crab (Gauntlet)
  2 lindwurms (Lair:6)
  Pikel (D:6)
  3 oklob plants (Lair:4)
  A manticore (Lair:6)
  7 elephants
  Maurice (D:9)
  8 black mambas
  A guardian serpent (shapeshifter) (D:12)
  Joseph (D:7)
  10 cane toads
  An ice statue (Gauntlet)
  A torpor snail (Lair:6)
  An unseen horror (D:11)
  Maggie (D:8)
  6 rime drakes
  3 komodo dragons
  9 trolls
  A polar bear (Lair:6)
  7 blink frogs
  Prince Ribbit (D:6)
  5 dream sheep (Lair:6)
  A redback (Lair:4)
  5 wyverns
  4 humans
  6 basilisks
  22 yaks
  A wraith (Lair:5)
  11 water moccasins
  Edmund (D:4)
  2 wargs
  Duvessa (D:4)
  10 orc warriors
  Purgy (Sewer)
  2 hell hounds (Gauntlet)
  A sky beast (D:7)
  2 black bears
  5 ogres
  2 necrophages
  7 wolves
  9 centaurs
  A kobold brigand (D:10)
  Blork the orc (D:4)
  10 bullfrogs
  A scorpion (D:6)
  Dowan (D:4)
  A howler monkey (D:12)
  A vampire bat (D:5)
  9 centaur zombies
  2 centaur skeletons
  A jelly (Lair:5)
  A bullfrog zombie (D:4)
  21 orc priests
  5 hounds
  18 orc wizards
  2 hell rats (Lair:6)
  5 iguanas
  2 hound zombies (D:4)
  11 gnolls
  12 adders
  2 white imps (D:8)
  2 ufetubi
  4 adder zombies (D:4)
  5 adder skeletons (D:4)
  4 worms
  7 fire bats
  57 orcs
  2 spectral bats (D:5)
  13 bats
  3 bat skeletons (D:5)
  A bat zombie (D:5)
  5 endoplasms
  4 giant cockroaches
  8 goblins
  8 hobgoblins
  6 jackals (D:3)
  6 quokkas
  8 ball pythons
  A bat simulacrum (D:5)
  11 frilled lizards
  A jackal zombie (D:4)
  7 kobolds
  A quokka zombie (D:4)
  6 rats
458 creatures vanquished.

Vanquished Creatures (collateral kills)
  Kirke (Lair:6)
  A minotaur (Gauntlet)
  Josephine (Lair:5)
  A catoblepas (Lair:4)
  2 hydras
  An oklob plant (Lair:4)
  3 orc knights (Bailey)
  2 manticores
  4 elephants
  2 black mambas (Lair:4)
  2 gargoyles
  5 cane toads
  3 komodo dragons
  A torpor snail (Lair:6)
  A jumping spider (Lair:4)
  3 polar bears
  The ghost of Snarg the Twirler, an amateur DjWn of Jiyva (D:4)
  4 blink frogs
  A dream sheep (Lair:6)
  A redback (Lair:4)
  4 wraiths
  A hog (Lair:6)
  Grum (D:9)
  16 yaks
  3 basilisks
  6 water moccasins
  8 orc warriors
  A centaur (D:10)
  2 wolves
  A kobold brigand (D:9)
  A bullfrog (Lair:4)
  A gnoll sergeant (D:10)
  2 orc priests
  An orc wizard (Orc:1)
  4 hell rats (Lair:6)
  2 gnolls (D:10)
  21 orcs
  3 kobolds
118 creatures vanquished.

Vanquished Creatures (others)
  6 humans (Lair:6)
  A water moccasin (Lair:6)
  A bush (Lair:4)
  69 fungi
  98 plants
  5 withered plants (D:4)
180 creatures vanquished.

Grand Total: 756 creatures vanquished

Notes
Turn   | Place    | Note
-------+----------+-------------------------------------------
     0 | D:1      | quinnr the Tengu Air Elementalist began the quest for the
                  | Orb.
     0 | D:1      | Reached XP level 1. HP: 10/10 MP: 4/4
   362 | D:1      | Found Budepsicw's Magic Scroll Boutique.
   472 | D:1      | Reached XP level 2. HP: 15/15 MP: 1/6
   835 | D:1      | Reached skill level 5 in Air Magic
   972 | D:1      | Found a faded altar of an unknown god.
   993 | D:1      | Noticed a shining eye
  1066 | D:1      | Noticed a shining eye
  1087 | D:1      | Noticed an eye of devastation
  1091 | D:1      | Noticed an eye of devastation
  1284 | D:1      | Reached XP level 3. HP: 12/19 MP: 2/7
  2457 | D:2      | Reached XP level 4. HP: 20/24 MP: 3/9
  2569 | D:1      | Learned a level 4 spell: Airstrike
  3138 | D:3      | Gained mutation: Your magical nature lets you fly swiftly
                  | and evasively. [Tengu growth]
  3138 | D:3      | Reached XP level 5. HP: 28/28 MP: 8/11
  3301 | D:3      | Reached skill level 6 in Air Magic
  3937 | D:3      | Found a shimmering altar of Xom.
  3937 | D:3      | Found a hide-covered altar of Uskayaw.
  4057 | D:4      | Found a large runed translucent door.
  4057 | D:4      | Found a large runed translucent door.
  4165 | D:4      | Reached skill level 7 in Air Magic
  4165 | D:4      | Reached XP level 6. HP: 25/32 MP: 0/13
  4243 | D:4      | Found a glowing drain.
  4260 | Sewer    | Entered a sewer
  4485 | Sewer    | Noticed Purgy
  4488 | Sewer    | Killed Purgy
  4489 | Sewer    | Reached skill level 8 in Air Magic
  4828 | D:4      | Reached XP level 7. HP: 31/36 MP: 0/14
  4955 | D:4      | Reached skill level 9 in Air Magic
  5220 | D:4      | Noticed Duvessa
  5420 | D:4      | Noticed Blork the orc
  5422 | D:4      | Killed Blork the orc
  5423 | D:4      | Reached skill level 10 in Air Magic
  5504 | D:4      | Noticed Edmund
  5508 | D:4      | Killed Edmund
  5509 | D:4      | Reached skill level 1 in Evocations
  5620 | D:4      | Found a sparkling altar of Nemelex Xobeh.
  5631 | D:4      | Reached XP level 8. HP: 39/41 MP: 2/15
  6156 | D:4      | Noticed Snarg's ghost (amateur DjWn)
  6162 | D:4      | Identified the +4 ring mail "Zucvuwau" {Contam Str+6}
  6259 | D:4      | Noticed Dowan
  6314 | D:4      | Killed Duvessa
  6321 | D:4      | Killed Dowan
  6492 | D:5      | Entered Level 5 of the Dungeon
  6600 | D:5      | Reached skill level 5 in Spellcasting
  6646 | D:5      | Reached skill level 11 in Air Magic
  6803 | D:5      | Found Lyproeck's Distillery.
  6812 | D:5      | Bought a potion of heal wounds for 70 gold pieces
  6812 | D:5      | Bought a potion of heal wounds for 70 gold pieces
  6812 | D:5      | Bought a potion of degeneration for 14 gold pieces
  7919 | D:5      | Found a glowing silver altar of Zin.
  8501 | D:6      | Identified 2 scrolls of acquirement
  8501 | D:6      | Acquired Sif Muna's Guide on Lightness
  8502 | D:6      | Acquired the +0 hat of Least Resistance {rC+ Int+2}
  8509 | D:6      | Learned a level 4 spell: Summon Lightning Spire
  8515 | D:6      | Learned a level 5 spell: Lightning Bolt
  8535 | D:6      | Found a staircase to the Ecumenical Temple.
  8691 | D:6      | Reached skill level 1 in Summonings
  8691 | D:6      | Reached XP level 9. HP: 46/46 MP: 3/17
  8714 | D:6      | Reached skill level 1 in Fighting
  8926 | D:6      | Reached skill level 12 in Air Magic
  9050 | Temple   | Entered the Ecumenical Temple
  9410 | D:6      | Noticed Pikel
  9428 | D:6      | Killed Pikel
  9527 | D:6      | Found a radiant altar of Vehumet.
  9548 | D:6      | Became a worshipper of Vehumet
 10226 | D:6      | Noticed Prince Ribbit
 10229 | D:6      | Killed Prince Ribbit
 10389 | D:7      | Reached skill level 13 in Air Magic
 10659 | D:1      | Bought a scroll of identify for 28 gold pieces
 10659 | D:1      | Bought a scroll of identify for 28 gold pieces
 10659 | D:1      | Bought a scroll of fog for 28 gold pieces
 10659 | D:1      | Bought a scroll of teleportation for 42 gold pieces
 10755 | D:4      | Killed Snarg's ghost
 10997 | D:7      | Reached XP level 10. HP: 56/56 MP: 0/21
 11739 | D:7      | Found an ornate altar of the Wu Jian Council.
 11797 | D:7      | Found a runed translucent gate.
 11797 | D:7      | Found a runed translucent gate.
 11797 | D:7      | Found a runed translucent gate.
 11797 | D:7      | Noticed Phlounder's ghost (novice DjWn)
 11984 | D:7      | Reached skill level 14 in Air Magic
 12237 | D:7      | Noticed Joseph
 12275 | D:7      | Killed Joseph
 12842 | D:8      | Reached * piety under Vehumet
 12842 | D:8      | Offered knowledge of Magic Dart by Vehumet.
 13103 | D:8      | Noticed Harold
 13449 | D:8      | Killed Harold
 13450 | D:8      | Reached skill level 15 in Air Magic
 13843 | D:8      | Noticed Maggie
 13848 | D:8      | Killed Maggie
 13849 | D:8      | Reached skill level 5 in Evocations
 14646 | D:9      | Noticed Grum
 14661 | D:9      | Killed Grum
 14792 | D:9      | Found a flagged portal.
 14803 | Bailey   | Entered a bailey
 15030 | Bailey   | Reached ** piety under Vehumet
 15030 | Bailey   | Offered knowledge of Searing Ray by Vehumet.
 15064 | Bailey   | Noticed an orc knight
 15064 | Bailey   | Noticed an orc knight
 15207 | Bailey   | Noticed an orc knight
 15215 | Bailey   | Killed an orc knight
 15216 | Bailey   | Reached XP level 11. HP: 60/60 MP: 12/22
 15340 | Bailey   | Noticed an orc knight
 15547 | Bailey   | Noticed an orc knight
 15698 | Bailey   | Killed an orc knight
 15700 | Bailey   | Killed an orc knight
 15834 | Bailey   | Killed an orc knight
 15933 | Bailey   | Identified the -4 pair of gloves of Yrigikih {rF+ rCorr
                  | Stlth-}
 15991 | Bailey   | Killed an orc knight
 16142 | D:9      | Learned a level 2 spell: Corpse Rot
 16176 | D:9      | Found a stormy altar of Qazlal.
 16181 | D:9      | Found a basalt altar of Yredelemnul.
 16880 | D:9      | Noticed Maurice
 16880 | D:9      | Paralysed by Maurice for 2 turns
 16888 | D:9      | Killed Maurice
 16889 | D:9      | Reached skill level 5 in Conjurations
 17039 | D:9      | Found an iron altar of Okawaru.
 17398 | D:9      | Found a staircase to the Lair.
 17526 | D:10     | Entered Level 10 of the Dungeon
 17642 | D:10     | Reached skill level 5 in Dodging
 17837 | D:5      | Bought a potion of berserk rage for 70 gold pieces
 17837 | D:5      | Bought a potion of lignification for 42 gold pieces
 17837 | D:5      | Bought a potion of might for 56 gold pieces
 17969 | D:1      | Bought a scroll of teleportation for 42 gold pieces
 18208 | Lair:1   | Entered Level 1 of the Lair of Beasts
 18367 | Lair:1   | Reached skill level 5 in Summonings
 18485 | Lair:1   | Noticed a five-headed hydra
 18488 | Lair:1   | Killed a five-headed hydra
 18489 | Lair:1   | Reached skill level 5 in Fighting
 18496 | Lair:1   | Offered knowledge of Poisonous Vapours by Vehumet.
 18500 | Lair:1   | Learned a level 2 spell: Poisonous Vapours
 18595 | Lair:1   | Reached skill level 16 in Air Magic
 18647 | D:9      | Learned a level 3 spell: Ignite Poison
 18954 | Lair:1   | Found a runed translucent door.
 18961 | Lair:1   | Noticed Onwuirut's ghost (journeyman DsMo)
 19014 | Lair:1   | Reached skill level 1 in Poison Magic
 19491 | Lair:1   | Killed Onwuirut's ghost
 19492 | Lair:1   | Reached skill level 5 in Stealth
 19492 | Lair:1   | Reached XP level 12. HP: 60/68 MP: 15/23
 20036 | Lair:2   | Reached *** piety under Vehumet
 20575 | Lair:2   | Noticed Fannar
 20590 | Lair:2   | Killed Fannar
 21522 | Lair:3   | Offered knowledge of Fulminant Prism by Vehumet.
 21831 | Lair:3   | Reached skill level 17 in Air Magic
 21900 | Lair:3   | Found a staircase to the Shoals.
 22618 | Lair:4   | Found a hole to the Spider Nest.
 22780 | Lair:4   | Reached skill level 5 in Poison Magic
 23315 | Lair:4   | Reached **** piety under Vehumet
 23525 | Lair:4   | Noticed a catoblepas
 23529 | Lair:4   | Offered knowledge of Mephitic Cloud by Vehumet.
 23535 | Lair:4   | Killed a catoblepas
 23729 | Lair:4   | Reached XP level 13. HP: 72/72 MP: 15/26
 23865 | Lair:4   | Found a burning altar of Makhleb.
 24351 | Lair:4   | Identified the ring of Xatzer Baud {rF- rN+ rCorr Int+6
                  | Stlth+}
 24495 | Lair:5   | Found a runed translucent door.
 24496 | Lair:5   | Found a viscous altar of Jiyva.
 24498 | Lair:5   | Found a staircase to the Slime Pits.
 24580 | Lair:5   | Noticed Josephine
 24584 | Lair:5   | Killed Josephine
 24585 | Lair:5   | Reached skill level 1 in Shields
 24992 | Lair:5   | You are sucked into a shaft and drop 1 floor!
 24992 | Lair:6   | Entered Level 6 of the Lair of Beasts
 25195 | Lair:6   | Found a gate leading to a gauntlet.
 25210 | Gauntlet | Entered a Gauntlet
 25210 | Gauntlet | Found a transporter.
 25210 | Gauntlet | Found a transporter.
 25210 | Gauntlet | Found a transporter.
 25350 | Gauntlet | Found a transporter.
 25360 | Gauntlet | Found a transporter.
 25365 | Gauntlet | Found a transporter.
 25395 | Gauntlet | Reached skill level 18 in Air Magic
 25550 | Gauntlet | Found a transporter.
 25550 | Gauntlet | Found a transporter.
 25687 | Gauntlet | Noticed a quicksilver ooze
 25941 | Gauntlet | Found a transporter.
 26184 | Gauntlet | Noticed a minotaur
 26202 | Gauntlet | Found a transporter.
 26222 | Gauntlet | Killed a minotaur
 26309 | Gauntlet | Learned a level 3 spell: Mephitic Cloud
 27043 | Lair:5   | Reached ***** piety under Vehumet
 27244 | Lair:5   | Offered knowledge of Fireball by Vehumet.
 27582 | Lair:5   | quinnr: ??potion of might
 27582 | Lair:5   | beem: might[1/2]: For the player, +1d10 melee damage.
                  | Monsters under this effect are "unusually strong" and deal
                  | 50% more damage.
 28481 | Lair:6   | Noticed Kirke
 28491 | Lair:6   | Killed Kirke
 28962 | Lair:6   | Reached skill level 10 in Evocations
 28966 | Lair:6   | Reached XP level 14. HP: 82/82 MP: 2/27
 29850 | Lair:6   | Reached skill level 19 in Air Magic
 30728 | Lair:6   | Reached skill level 1 in Fire Magic
 31285 | D:10     | Found an ancient bone altar of Kikubaaqudgha.
 31383 | D:10     | Paralysed by a centaur for 7 turns
 31538 | D:10     | Found Qaatir's General Store.
 31550 | D:10     | Bought a scroll of fog for 28 gold pieces
 32610 | D:11     | Found a staircase to the Orcish Mines.
 32900 | D:11     | Offered knowledge of Conjure Ball Lightning by Vehumet.
 34204 | D:11     | Found the +0 mask of the Dragon {Will+ Slay+3 SInv}
 34282 | D:12     | Acquired a ring of protection from fire
 34621 | D:12     | Found a runed translucent door.
 34622 | D:12     | Found a shimmering altar of Xom.
 34622 | D:12     | Identified the +10 flail of Defiance {chaos, rPois Will+
                  | Dex+4}
 34623 | D:12     | Noticed Nausicaa's ghost (journeyman MiBe)
 35889 | D:12     | Killed Nausicaa's ghost
 35890 | D:12     | Reached skill level 1 in Armour
 36484 | D:12     | quinnr: ??magic weapon
 36484 | D:12     | beem: I don't have a page labeled magic_weapon in my
                  | learndb.
 36484 | D:12     | quinnr: ??weapon
 36484 | D:12     | beem: weapon ~ weapons[1/2]: Pointy side outwards.
 36484 | D:12     | quinnr: ??weapon[2
 36484 | D:12     | beem: weapon ~ weapons ~ identifying weapons[1/1]: Wielding
                  | a weapon will reveal whether it's cursed or not, what
                  | pluses/brand it has and (for artifact weapons) its other
                  | properties.
 36484 | D:12     | quinnr: ??iceblast
 36484 | D:12     | beem: wand of iceblast[1/1]: Fires a 3x3 ball of cold
                  | damage. 40% irresistable. Does 3d(4.67+power/5) damage for
                  | players, 3d(6+power/12) for monsters.
 36593 | Orc:1    | Entered Level 1 of the Orcish Mines
 36830 | D:11     | Learned a level 5 spell: Silence
 36830 | D:11     | quinnr: silence??
 36830 | D:11     | beem: Kills all sound in an area up to 6 spaces, mostly
                  | this means no spellcasting, scrolls and invocations
                  | (including Trog abilities). All G*8&12345R are unaffected,
                  | as are spit and breath spells. Lvl. 5 hex/air spell in the
                  | books of Enchantments and Sky. The radius gradually
                  | decreases and for the last few turns only you will be
                  | silenced!
 37734 | Orc:1    | Found a runed translucent gate.
 37734 | Orc:1    | Found a runed translucent gate.
 37734 | Orc:1    | Found a runed translucent gate.
 37735 | Orc:1    | Noticed Dootley's ghost (journeyman FoFi)
 38031 | Orc:1    | Noticed an orc warlord
 38032 | Orc:1    | quinnr: ??mephitic cloud
 38032 | Orc:1    | beem: mephitic cloud[1/7]: Fills the target square and some
                  | of the adjacent squares with clouds of noxious fumes. Any
                  | creature breathing these fumes may become {confused} unless
                  | resistant to poison and/or confusion.
                  | Conjurations/Poison/Air 3. Loud.
 38032 | Orc:1    | quinnr: ??mephitic cloud[2
 38032 | Orc:1    | beem: mephitic cloud[2/7]: You will only be confused on a
                  | given turn if a random number from 1 to 27 is greater than
                  | or equal to your experience level. The formula for
                  | determining whether a monster will resist the effect of a
                  | mephitic cloud is HD/21, with a flat 98% chance to resist
                  | at or above HD 21.
 38032 | Orc:1    | quinnr: @?ogre warlord
 38032 | Orc:1    | beem: unknown monster: "ogre warlord"
 38032 | Orc:1    | quinnr: @?orc warlord
 38032 | Orc:1    | beem: orc warlord (o)
                  | Spd:
    10 | HD: 15   | HP: 90-138
                  | | AC/EV: 13/7
                  | Dam: 32
                  | weapons, items, doors, fighter
                  | | Res: magic(60)
                  | Corpse
                  | XP: 1669
                  | Sp: battlecry [!AM]
                  | | Sz: Medium
                  | Int: human.
 38038 | Orc:1    | Shot with a bolt by an orc warlord

Illustrated notes

Levels and vault maps discovered:
D:1:      dpeg_arrival_short_road, layout_loops_corners, serial_shops,
          shop_statue, hellmonk_ecumenical_altar_watching_god,
          hangedman_abyss_or_decor_lesser_grid, grunt_decor_resistance
D:2:      layout_rooms, minmay_ruptured
D:3:      layout_basic, gammafunk_temple_overflow_pools, minmay_lizard_king
D:4:      layout_basic, nemelex_diamond_rough_becter,
          cheibrodos_sewer_entry_drain, ebering_ghost_disaster_area,
          serial_undead, serial_undead_e, serial_undead_d, serial_undead_b,
          serial_undead_a, serial_undead_f, serial_undead_f, serial_undead_f,
          serial_undead_c, serial_undead_d, serial_undead_b, uniq_edmund,
          uniq_duvessa, uniq_blork_the_orc
D:5:      layout_layer_cave, zin_statuary, serial_shops, shop, goddamned_bats
D:6:      layout_loops_ring, fiery_altar_vehumet, minmay_temple_entry_tees,
          uniq_prince_ribbit1, uniq_pikel
D:7:      layout_rooms, kennysheep_mini, ebering_ghost_rock_garden,
          minmay_ruffians, uniq_joseph
D:8:      layout_loops_corners, uniq_maggie, uniq_harold
D:9:      layout_basic, okawaru_altar_gauntlet_db,
          chequers_temple_overflow_statue_of_worship, david_lair_generic,
          enter_bailey_2, uniq_grum, uniq_maurice
D:10:     layout_roguey, lemuel_doored_altar, serial_shops, shop_statue
D:11:     minmay_goldmine, layout_loops_ring, erik_orc_4,
          minmay_misc_feat_secret_circle, minivault_11
D:12:     layout_gridville, ebering_ghost_xom
D:13:     layout_cave_pools, gammafunk_ghost_grave, minmay_misc_feat_pillars,
          nicolae_ru_path_of_blood
Temple:   hc_temple_tempest_star
Lair:1:   layout_long_grid, ebering_ghost_inner_flame
Lair:2:   layout_misc_corridors, uniq_fannar
Lair:3:   layout_roguey, elwin_shoals_entry_rocks, serial_bayou_pond_c,
          serial_bayou_shore_b
Lair:4:   layout_regular_city, spider_nest_entry_a, basic_altar,
          minmay_lair_oklob_chamber
Lair:5:   layout_small_grid, slime_altar_2, uniq_josephine
Lair:6:   hangedman_lair_in_review, layout_long_grid, gauntlet_entry_generic,
          eino_small_chamber_without_monster, uniq_kirke
Orc:1:    layout_caves, gammafunk_ghost_necromancy, david_defended_altar_orc

Skill      XL: |  1  2  3  4  5  6  7  8  9 10 11 12 13 14 |
---------------+-------------------------------------------+-----
Air Magic      | 5 7 8 10 11 13 15 16 17 18 19 | 19.8
Spellcasting   | 3 4 5 6 7 8 9 |  9.8
Evocations     | 1 3 6 8 10 | 10.0
Conjurations   | 2 3 5 |  5.4
Summonings     | 1 2 5 |  5.0
Fighting       | 3 5 7 |  7.0
Dodging        | 3 5 7 |  7.0
Stealth        | 3 5 |  5.0
Poison Magic   | 2 5 |  5.0
Shields        | 4 |  4.0
Fire Magic     | 3 |  3.0
Armour         | 2 |  2.0

Action                   |  1- 3 |  4- 6 |  7- 9 | 10-12 | 13-15 || total
-------------------------+-------+-------+-------+-------+-------++-------
Melee: Unarmed           |     7 |       |       |       |       ||     7
       Peck              |     1 |     1 |     2 |       |       ||     4
       Staff             |       |     3 |     6 |     2 |     2 ||    13
       Kick              |       |     2 |     1 |       |     1 ||     4
 Cast: Shock             |    85 |   117 |   110 |   140 |   156 ||   608
       Airstrike         |       |     7 |    69 |    98 |   103 ||   277
       Summon Lightning  |       |       |     6 |    74 |    99 ||   179
       Lightning Bolt    |       |       |     7 |    81 |   153 ||   241
       Poisonous Vapours |       |       |       |     5 |    32 ||    37
       Corpse Rot        |       |       |       |     2 |     2 ||     4
       Ignite Poison     |       |       |       |     3 |    12 ||    15
       Mephitic Cloud    |       |       |       |       |    10 ||    10
Evoke: Wand              |       |       |       |     3 |     7 ||    10
       Piece from Xom's  |       |       |       |     1 |       ||     1
  Use: Scroll            |       |       |    10 |    12 |    14 ||    36
       Potion            |       |       |       |     5 |     4 ||     9
 Stab: Distracted        |       |       |       |       |     1 ||     1
Armor: Robe              |     8 |     6 |    11 |    13 |    22 ||    60
       Swamp dragon scal |       |       |       |     1 |       ||     1
Dodge: Dodged            |    22 |    30 |    34 |    63 |   106 ||   255
Block: Buckler           |       |       |       |       |    26 ||    26

Table legend: (Time is in decaauts)
 A = Elapsed time spent in this place.
 B = Non-inter-level travel time spent in this place.
 C = Inter-level travel time spent in this place.
 D = Time resting spent in this place.
 E = Time spent auto-exploring this place.
 F = Levels seen in this place.
 G = Mean time per level.
                   A        B        C        D        E       F      G
               +--------+--------+--------+--------+--------+-----+--------+
         Total |  36634 |  34066 |   2568 |  11977 |  17652 |  24 | 1526.4 |
       Dungeon |  22017 |  20228 |   1789 |   6561 |  11244 |  13 | 1693.6 |
        Temple |    228 |    193 |     35 |     38 |    149 |   1 |  228.0 |
          Lair |  11003 |  10302 |    701 |   3693 |   5331 |   6 | 1833.8 |
  Orcish Mines |    453 |    412 |     41 |    102 |    158 |   1 |  453.0 |
         Sewer |    526 |    526 |      0 |      0 |    482 |   1 |  526.0 |
        Bailey |   1271 |   1271 |      0 |    748 |    257 |   1 | 1271.0 |
      Gauntlet |   1133 |   1133 |      0 |    832 |     28 |   1 | 1133.0 |
               +--------+--------+--------+--------+--------+-----+--------+

Top non-repeatable levels by time:
    D:11: 2776 daAuts
     D:6: 2602 daAuts
  Lair:6: 2506 daAuts
  Lair:4: 2402 daAuts
     D:5: 2204 daAuts
     D:1: 2130 daAuts
  Lair:5: 2102 daAuts
  Lair:1: 2077 daAuts
     D:4: 1983 daAuts
    D:10: 1825 daAuts
     D:9: 1809 daAuts
    D:12: 1683 daAuts
     D:7: 1377 daAuts
  Bailey: 1271 daAuts
     D:8: 1267 daAuts
